 Dungeon Crawl Stone Soup version 0.29-a0-553-g81b289dbe5 (webtiles) character file.

Game seed: 4560596984820117819

203 DocClef the Covert (level 5, 0/47 HPs)
             Began as a Gnoll Delver on June 6, 2022.
             Was an Initiate of Hepliaklqana.
             Slain by a sky beast (2 damage)
             ... in the Ecumenical Temple.
             The game lasted 00:00:48 (766 turns).

DocClef the Covert (Gnoll Delver)                    Turns: 766, Time: 00:00:49

Health: 0/47       AC:  3    Str: 14    XL:     5   Next: 81%
Magic:  7/7        EV: 13    Int:  9    God:    Hepliaklqana [......]
Gold:   27         SH:  0    Dex: 13    Spells: 7/7 levels left

rFire   . . .      SeeInvis .   a - +0 short sword
rCold   . . .      Faith    .   (no shield)
rNeg    . . .      Spirit   .   b - +0 leather armour
rPois   .          Reflect  .   (no helmet)
rElec   .          Harm     .   (no cloak)
rCorr   .          Rampage  .   (no gloves)
Will    .....                   (no boots)
Stlth   ++++......              (no amulet)
HPRegen 0.15/turn               (no ring)
MPRegen 0.10/turn               (no ring)

@: no status effects
A: fangs 1, strong nose, distributed training
a: Renounce Religion


You were in the Ecumenical Temple.
You worshipped Hepliaklqana.
Hepliaklqana was noncommittal.
You visited 2 branches of the dungeon, and saw 3 of its levels.

You collected 27 gold pieces.

Inventory:

Hand Weapons
 a - a +0 short sword (weapon)
Armour
 b - a +0 leather armour (worn)
Wands
 g - a wand of digging (3)
Scrolls
 c - a scroll of fog
 d - a scroll of magic mapping
 e - a scroll of fear
 i - a scroll of poison {unknown}
Potions
 f - a potion of haste
 h - a potion of magic {unknown}


   Skills:
 + Level 6.7 Fighting
 + Level 4.8 Short Blades
 + Level 1.6 Long Blades
 + Level 1.6 Axes
 + Level 1.6 Maces & Flails
 + Level 1.6 Polearms
 + Level 1.6 Staves
 + Level 1.6 Slings
 + Level 1.6 Bows
 + Level 1.6 Crossbows
 + Level 1.6 Throwing
 + Level 1.6 Armour
 + Level 4.8 Dodging
 + Level 9.7 Stealth
 + Level 1.6 Shields
 + Level 1.6 Unarmed Combat
 + Level 1.6 Spellcasting
 + Level 1.3 Conjurations
 + Level 1.3 Hexes
 + Level 1.3 Summonings
 + Level 1.3 Necromancy
 + Level 1.3 Translocations
 + Level 1.3 Transmutations
 + Level 1.3 Fire Magic
 + Level 1.3 Ice Magic
 + Level 1.3 Air Magic
 + Level 1.3 Earth Magic
 + Level 1.3 Poison Magic
 + Level 1.8 Invocations
 + Level 1.6 Evocations


You had 7 spell levels left.
You didn't know any spells.
Your spell library was empty.

Dungeon Overview and Level Annotations

Branches:
Dungeon (5/15)             Temple (1/1) D:4

Altars:
Ashenzari
Cheibriados
Elyvilon
Fedhas
Gozag
Hepliaklqana
Makhleb
Okawaru
Ru
Sif Muna
Trog
Vehumet
Wu Jian
Xom
Yredelemnul
Zin
The Shining One

Shops:
D:5 **

Annotations:
D:4 Dowan


Innate Abilities, Weirdness & Mutations

You have very sharp teeth.
Your uncanny sense of smell can sniff out nearby items.
Your experience applies equally to all skills.


Message History

Done exploring.
There is a hazy altar of Hepliaklqana here.
You kneel at the altar of Hepliaklqana.
Hepliaklqana welcomes you!
There is a staircase back to the Dungeon here.
You climb upwards.
Level annotation: Dowan The sky beast hits you.
The sky beast shocks you.
The sky beast flickers out of sight!
Deactivating autopickup; reactivate with Ctrl-A.
Something barely misses you.
There is a staircase to the Ecumenical Temple here.
Something hits you. Something shocks you.
You climb downwards.
Welcome back to the Ecumenical Temple!
Reactivating autopickup.
There is a staircase back to the Dungeon here.
Something hits you. Something shocks you.
Deactivating autopickup; reactivate with Ctrl-A.
You miss something. Your bite misses something. Something hits you.
Something shocks you.
You miss something.
A sky beast appears from thin air!
Reactivating autopickup.
The sky beast completely misses you.
You hit the sky beast.
The sky beast is lightly wounded.
The sky beast hits you. The sky beast shocks you.
* * * LOW HITPOINT WARNING * * *
You hit the sky beast but do no damage.
The sky beast is lightly wounded.
You hit the sky beast. You bite the sky beast.
The sky beast is lightly wounded.
The sky beast flickers out of sight!
Deactivating autopickup; reactivate with Ctrl-A.
Something hits you.
* * * LOW HITPOINT WARNING * * *
Something shocks you.
* * * LOW HITPOINT WARNING * * *
You closely miss something. Something hits you but does no damage.
You hit something. Something hits you.
You die...

##.......##
#......## ##.....##
#.....## #.._..#
#.._..# #.....#
##.....# #.....#
##......#
###########...#####
#......## #.....##
#..{@.# #.....#
#.....# #######


There were no monsters in sight!

Vanquished Creatures
  An ice beast (D:5)
  A bullfrog (D:5)
  2 iguanas
  2 orcs (D:5)
6 creatures vanquished.

Notes
Turn   | Place    | Note
-------+----------+-------------------------------------------
     0 | D:5      | Reached skill level 9 in Stealth
     0 | D:5      | DocClef the Gnoll Delver began the quest for the Orb.
     0 | D:5      | Reached XP level 1. HP: 23/23 MP: 1/1
   157 | D:5      | Noticed a bullfrog
   170 | D:5      | Killed a bullfrog
   171 | D:5      | Reached skill level 1 in Long Blades
   171 | D:5      | Reached skill level 1 in Axes
   171 | D:5      | Reached skill level 1 in Maces & Flails
   171 | D:5      | Reached skill level 1 in Polearms
   171 | D:5      | Reached skill level 1 in Staves
   171 | D:5      | Reached skill level 1 in Slings
   171 | D:5      | Reached skill level 1 in Bows
   171 | D:5      | Reached skill level 1 in Crossbows
   171 | D:5      | Reached skill level 1 in Throwing
   171 | D:5      | Reached skill level 1 in Armour
   171 | D:5      | Reached skill level 1 in Shields
   171 | D:5      | Reached skill level 1 in Unarmed Combat
   171 | D:5      | Reached skill level 1 in Spellcasting
   171 | D:5      | Reached skill level 1 in Invocations
   171 | D:5      | Reached skill level 1 in Evocations
   171 | D:5      | Reached XP level 2. HP: 7/29 MP: 1/3
   171 | D:5      | Reached XP level 3. HP: 8/35 MP: 1/4
   171 | D:5      | Reached XP level 4. HP: 10/41 MP: 1/5
   411 | D:5      | Found Itzig's Specific Store.
   415 | D:5      | Found Vudotem's General Store.
   430 | D:5      | Noticed an ice beast
   434 | D:5      | Killed an ice beast
   435 | D:5      | Reached skill level 1 in Conjurations
   435 | D:5      | Reached skill level 1 in Hexes
   435 | D:5      | Reached skill level 1 in Summonings
   435 | D:5      | Reached skill level 1 in Necromancy
   435 | D:5      | Reached skill level 1 in Translocations
   435 | D:5      | Reached skill level 1 in Transmutations
   435 | D:5      | Reached skill level 1 in Fire Magic
   435 | D:5      | Reached skill level 1 in Ice Magic
   435 | D:5      | Reached skill level 1 in Air Magic
   435 | D:5      | Reached skill level 1 in Earth Magic
   435 | D:5      | Reached skill level 1 in Poison Magic
   435 | D:5      | Reached XP level 5. HP: 47/47 MP: 5/7
   502 | D:4      | Noticed Dowan
   535 | D:4      | Found a staircase to the Ecumenical Temple.
   537 | D:4      | Noticed a sky beast
   543 | Temple   | Entered the Ecumenical Temple
   674 | Temple   | Became a worshipper of Hepliaklqana the Forgotten
   764 | Temple   | HP: 2/47 [something (5)]
   766 | Temple   | Slain by a sky beast

Illustrated notes

Levels and vault maps discovered:
D:4:      layout_layer_cave, nicolae_dithmenos_shadow_blocks,
          minmay_temple_entry_junction, sigmund_edmund_badplayer, uniq_natasha,
          uniq_grinder, uniq_blork_the_orc, uniq_duvessa
D:5:      black_bear_nest_1, layout_basic, nicolae_specific_store,
          ebering_dispersal_statue_hall
Temple:   minmay_crystal_spiral_temple

Skill      XL: |  1  2  3  4 |
---------------+-------------+-----
Stealth        | |  9.7
Long Blades    | 1 |  1.6
Axes           | 1 |  1.6
Maces & Flails | 1 |  1.6
Polearms       | 1 |  1.6
Staves         | 1 |  1.6
Slings         | 1 |  1.6
Bows           | 1 |  1.6
Crossbows      | 1 |  1.6
Throwing       | 1 |  1.6
Armour         | 1 |  1.6
Shields        | 1 |  1.6
Unarmed Combat | 1 |  1.6
Spellcasting   | 1 |  1.6
Invocations    | 1 |  1.8
Evocations     | 1 |  1.6
Conjurations   | 1 |  1.3
Hexes          | 1 |  1.3
Summonings     | 1 |  1.3
Necromancy     | 1 |  1.3
Translocations | 1 |  1.3
Transmutations | 1 |  1.3
Fire Magic     | 1 |  1.3
Ice Magic      | 1 |  1.3
Air Magic      | 1 |  1.3
Earth Magic    | 1 |  1.3
Poison Magic   | 1 |  1.3
Fighting       | |  6.7
Short Blades   | |  4.8
Dodging        | |  4.8

Action                   |  1- 3 |  4- 6 || total
-------------------------+-------+-------++-------
Melee: Short sword       |    14 |    11 ||    25
       Bite              |     1 |     1 ||     2
 Stab: Sleeping          |       |     4 ||     4
Armor: Leather armour    |     1 |     1 ||     2
Dodge: Dodged            |     6 |     2 ||     8

Table legend: (Time is in decaauts)
 A = Elapsed time spent in this place.
 B = Non-inter-level travel time spent in this place.
 C = Inter-level travel time spent in this place.
 D = Time resting spent in this place.
 E = Time spent auto-exploring this place.
 F = Levels seen in this place.
 G = Mean time per level.
                   A        B        C        D        E       F      G
               +--------+--------+--------+--------+--------+-----+--------+
         Total |    763 |    683 |     80 |     45 |    527 |   3 |  254.3 |
       Dungeon |    543 |    543 |      0 |     45 |    416 |   2 |  271.5 |
        Temple |    220 |    140 |     80 |      0 |    111 |   1 |  220.0 |
               +--------+--------+--------+--------+--------+-----+--------+

Top non-repeatable levels by time:
     D:5: 471 daAuts
  Temple: 220 daAuts
     D:4: 71 daAuts
